Map: Pride of Altaris LE

Players

Trap

  • Race: Protoss Protoss

Reynor - Winner!

  • Race: Zerg Zerg

Event: TSL 8

VOD

Have the link to the VOD?

Description

Time

  • Played on: Dec. 11, 2021, 9:01 a.m.
  • Length: 7:19

All games in this series

Show
View Real Time Build Order
Export as new Build Order

Trap Protoss 

Build Orders: 1 Gate Expand 

Get SALT Encoding   

  12  0:00  Probe  
  13  0:12  Probe  
  14  0:19  Pylon  
  14  0:24  Probe  
  15  0:37  Probe (Chrono Boost)  
  15  0:39  Gateway  
  16  0:46  Probe (Chrono Boost)  
  16  0:49  Assimilator  
  17  0:51  Probe (Chrono Boost)  
  18  1:03  Probe  
  19  1:15  Probe  
  20  1:27  Cybernetics Core  
  20  1:35  Nexus  
  20  1:42  Pylon  
  20  1:44  Probe  
  21  1:52  Assimilator  
  21  1:56  Probe  
  21  2:00  Adept (Chrono Boost)  
  22  2:01  Warp Gate (Chrono Boost)  
  22  2:08  Probe  
  25  2:14  Shield Battery  
  26  2:22  Probe  
  26  2:23  Adept  
  28  2:38  Gateway  
  28  2:40  Probe  
  29  2:45  Gateway  
  29  2:48  Probe  
  30  2:56  Probe  
  31  3:02  Stalker  
  33  3:07  Probe  
  33  3:08  Probe  
  35  3:19  Robotics Facility, Probe  
  36  3:24  Probe  
  36  3:25  Pylon  
  37  3:31  Probe  
  38  3:35  Assimilator  
  38  3:38  Adept  
  38  3:39  Adept  
  38  3:40  Adept  
  44  3:42  Shield Battery  
  44  3:45  Pylon  
  44  3:48  Probe x2  
  46  3:58  Pylon  
  46  4:02  Sentry x3  
  52  4:06  Immortal (Chrono Boost)  
  56  4:13  Probe x2  
  56  4:15  Phoenix  
  56  4:16  Pylon  
  58  4:28  Probe x2  
  50  4:34  Twilight Council  
  50  4:35  Immortal (Chrono Boost)  
  50  4:38  Assimilator  
  54  4:39  Zealot  
  54  4:42  Adept  
  58  4:48  Pylon  
  58  4:54  Gateway  
  58  4:55  Gateway  
  58  4:59  Shield Battery  
  58  5:02  Shield Battery  
  58  5:06  Zealot, Sentry x2  
  64  5:11  Shield Battery  
  64  5:15  Immortal (Chrono Boost)  
  68  5:21  Shield Battery  
  68  5:23  Shield Battery  
  68  5:27  Shield Battery  
  63  5:36  Zealot x3  
  58  5:54  Adept  
  58  5:55  Adept  
  59  5:57  Zealot x3  
  46  6:15  Zealot x2  
  44  6:20  Adept x3  
  37  6:35  Adept  
  37  6:36  Adept x2  
  37  6:39  Gateway  
  38  6:42  Sentry x2  
Show
View Real Time Build Order
Export as new Build Order

Reynor Zerg - Winner!

Build Orders: Hatch First 

Get SALT Encoding   

  12  0:00  Drone  
  13  0:12  Overlord  
  13  0:16  Drone  
  14  0:30  Drone x2  
  16  0:51  Drone, Hatchery  
  16  0:55  Drone  
  17  0:58  Drone  
  18  1:09  Extractor  
  17  1:13  Spawning Pool  
  17  1:16  Drone  
  17  1:20  Drone  
  18  1:27  Drone  
  19  1:38  Drone  
  20  2:01  Queen  
  20  2:03  Queen  
  20  2:04  Zergling x2  
  20  2:07  Zergling x2  
  26  2:12  Metabolic Boost  
  26  2:17  Overlord  
  26  2:19  Drone  
  27  2:25  Drone  
  28  2:38  Zergling x8, Queen  
  34  2:45  Queen  
  34  2:46  Overlord  
  36  3:04  Hatchery  
  36  3:05  Drone x2  
  37  3:06  Drone x2  
  37  3:08  Drone  
  37  3:12  Overlord  
  40  3:14  Drone  
  40  3:16  Drone  
  42  3:22  Drone  
  42  3:24  Drone  
  44  3:32  Drone x2  
  44  3:33  Extractor  
  45  3:35  Roach Warren  
  45  3:39  Overlord  
  45  3:41  Drone  
  45  3:48  Queen  
  47  3:54  Drone x3  
  47  3:55  Drone x2, Overlord  
  52  3:58  Zergling x4  
  54  4:08  Zergling x4  
  56  4:16  Extractor  
  55  4:20  Roach x2  
  55  4:21  Roach  
  58  4:25  Zergling x6, Roach x2  
  63  4:33  Roach  
  63  4:34  Overlord x2  
  63  4:36  Extractor  
  64  4:49  Ravager  
  64  4:51  Overlord  
  65  4:55  Ravager x2, Zergling x2  
  65  4:56  Zergling x14  
  75  5:00  Ravager  
  75  5:01  Overlord  
  75  5:03  Zergling x6  
  79  5:08  Ravager  
  79  5:09  Zergling x4  
  79  5:12  Overlord  
  82  5:20  Ravager  
  83  5:21  Zergling x2  
  83  5:22  Zergling x4  
  83  5:26  Overlord  
  85  5:33  Zergling x8  
  85  5:36  Zergling x2  
  81  5:45  Zergling x2, Roach x2  
  79  5:54  Zergling x2, Roach  
  79  5:55  Zergling x4  
  80  6:02  Zergling x2, Roach x2  
  83  6:10  Ravager x2  
  82  6:11  Zergling x6  
  84  6:18  Zergling x4  
  84  6:22  Roach  
  84  6:23  Zergling x2  
  78  6:34  Ravager x3  
  78  6:36  Spore Crawler  
  75  6:41  Roach x2  
  75  6:42  Drone  
  75  6:44  Drone  
Tags
 
Add a new tag
Caveats
  • Supply blocks, unpowered buildings, or Contaminate may cause inaccurate times.
  • Supply counts are checked every 10 seconds.